 Dungeon Crawl Stone Soup version 0.32-a0-999-gfa1cc04b1d (webtiles) character file.

Game seed: 5574069400060569985

239 wilfster70 the Chopper (level 5, -2/48 HPs)
             Began as a Mountain Dwarf Fighter on Apr 24, 2024.
             Slain by a gnoll sergeant
             ... wielding a +3 spear of venom
              (15 damage)
             ... on level 4 of the Dungeon.
             The game lasted 00:03:33 (1799 turns).

wilfster70 the Chopper (Mountain Dwarf Fighter)     Turns: 1799, Time: 00:03:33

Health: -2/48      AC:  8    Str: 18    XL:     5   Next: 79%
Magic:  5/5        EV:  8    Int: 11    God:
Gold:   157        SH:  4    Dex:  9    Spells: 4/4 levels left

rFire   . . .        a - +0 war axe
rCold   . . .        c - +0 buckler
rNeg    . . .        b - +0 scale mail
rPois   .            (no helmet)
rElec   .            (no cloak)
rCorr   .            e - +0 pair of gloves
SInv    .            (no boots)
Will    .....        (no amulet) Stlth
                     (no ring)
HPRegen 0.28/turn    (no ring)
MPRegen 0.09/turn

%: no passive effects
@: no status effects
A: runic magic, artefact enchanting
a: no special abilities


You were on level 4 of the Dungeon.
You visited 1 branch of the dungeon, and saw 4 of its levels.

You collected 157 gold pieces.

Inventory:

Hand Weapons
 a - a +0 war axe (weapon)
Armour
 b - a +0 scale mail (worn)
 c - a +0 buckler (worn)
 e - a +0 pair of gloves (worn)
Scrolls
 f - a scroll of enchant armour
 g - a scroll of revelation {unknown}
 h - a scroll of blinking {unknown}
 r - 6 scrolls of identify
Potions
 d - a potion of might


   Skills:
 + Level 5.0 Fighting
 - Level 6.0 Axes
 + Level 3.4 Armour
 - Level 3.2 Shields


You had 4 spell levels left.
You didn't know any spells.
Your spell library was empty.

Dungeon Overview and Level Annotations

Branches:
Dungeon (4/15)
 Temple: D:4-7

Altars:
Sif Muna


Innate Abilities, Weirdness & Mutations

Your spellcasting is much less encumbered by armour.
You can use scrolls of enchantment on lesser artefacts.


Message History

The adder is almost dead.
The adder bites you but does no damage. The adder barely misses you.
You slash the adder!
You kill the adder!
No target in view!
No target in view!
No target in view!
No target in view!
No target in view!
No target in view!
No target in view!
No target in view!
No target in view!
No target in view!
You start resting.
HP restored.
A centaur comes into view.
The centaur shouts!
The centaur wields a +0 orcbow.
The centaur shoots an arrow.
The arrow hits you!
A gnoll sergeant comes into view. It is wielding a +3 spear of venom.
The gnoll sergeant shouts!
The centaur shoots an arrow.
The arrow barely misses you.
The centaur shoots an arrow.
The arrow hits you.
The centaur shoots an arrow.
The arrow hits you.
The centaur unwields a +0 orcbow.
The centaur hits you.
The centaur kicks you but does no damage.
The gnoll sergeant hits you from afar with a +3 spear of venom!
You block the centaur's attack.
The centaur kicks you but does no damage.
You slash the centaur!
The centaur is moderately wounded.
You block the centaur's attack. The centaur barely misses you.
You block the gnoll sergeant's attack.
You closely miss the centaur.
The centaur is moderately wounded.
You block the centaur's attack. The centaur kicks you.
* * * LOW HITPOINT WARNING * * *
The gnoll sergeant hits you from afar with a +3 spear of venom!
You die...

#..........
#.##..####...
#....†.# ...#
##.###.###...#
....#........#
≈.####.#..##.....
.....#.....#+#.
#..#...### #@#..#
#c##..# g#. #.#
#. ## .# ## .. #.
..


You could see a gnoll sergeant and a centaur.

Vanquished Creatures
  An ice beast (D:4)
  A scorpion (D:3)
  4 adders
  2 dart slugs
  2 ribbon worms (D:2)
  5 orcs (D:3)
  6 ball pythons
  4 endoplasms
  A giant cockroach (D:3)
  2 goblins
  3 hobgoblins
  3 jackals (D:1)
  4 quokkas
  3 bats
  A frilled lizard (D:1)
  5 kobolds
  2 rats (D:3)
49 creatures vanquished.

Notes
Turn   | Place    | Note
-------+----------+-------------------------------------------
     0 | D:1      | wilfster70 the Mountain Dwarf Fighter began the quest for
                  | the Orb.
     0 | D:1      | Reached XP level 1. HP: 19/19 MP: 1/1
    51 | D:1      | Reached skill level 3 in Axes
    55 | D:1      | Reached XP level 2. HP: 26/26 MP: 2/2
   598 | D:2      | Reached XP level 3. HP: 28/33 MP: 3/3
   906 | D:2      | Reached skill level 4 in Axes
  1340 | D:3      | Reached XP level 4. HP: 38/40 MP: 4/4
  1549 | D:3      | Found a shimmering blue altar of Sif Muna.
  1655 | D:3      | Noticed a scorpion
  1668 | D:3      | Killed a scorpion
  1669 | D:3      | Reached skill level 5 in Axes
  1724 | D:4      | Noticed an ice beast
  1733 | D:4      | Killed an ice beast
  1734 | D:4      | Reached skill level 6 in Axes
  1734 | D:4      | Reached XP level 5. HP: 37/47 MP: 5/5
  1778 | D:4      | Reached skill level 5 in Fighting
  1793 | D:4      | Noticed a centaur
  1799 | D:4      | Slain by a gnoll sergeant

Illustrated notes

Levels and vault maps discovered:
D:1:      giann_bridges, layout_basic
D:2:      layout_loops_ring
D:3:      layout_basic, nicolae_sif_muna_little_library
D:4:      layout_basic, mainiacjoe_overflow_brackets,
          nicolae_wu_jian_wuxing_cycle, slow_altar_1, fedhas_altar_2,
          chequers_serial_rivers_large_b, minmay_manual_macuahuitl, uniq_ijyb,
          uniq_grinder, uniq_natasha

Skill      XL: |  1  2  3  4  5 |
---------------+----------------+-----
Axes           | 3 4 6 |  6.0
Fighting       | 4 5 |  5.0
Armour         | |  3.4
Shields        | |  3.2

Action                     |  1- 3 |  4- 6 || total
---------------------------+-------+-------++-------
  Melee: War axe           |   113 |    49 ||   162
    Use: Scroll            |     1 |       ||     1
 Armour: Scale mail        |    93 |    40 ||   133
  Dodge: Dodged            |    41 |    25 ||    66
  Block: Buckler           |    25 |    14 ||    39

Table legend: (Time is in decaauts)
 A = Elapsed time spent in this place.
 B = Non-inter-level travel time spent in this place.
 C = Inter-level travel time spent in this place.
 D = Time resting spent in this place.
 E = Time spent auto-exploring this place.
 F = Levels seen in this place.
 G = Mean time per level.
                   A        B        C        D        E       F      G
               +--------+--------+--------+--------+--------+-----+--------+
         Total |   1851 |   1768 |     83 |     44 |   1134 |   4 |  462.8 |
       Dungeon |   1851 |   1768 |     83 |     44 |   1134 |   4 |  462.8 |
               +--------+--------+--------+--------+--------+-----+--------+

Top non-repeatable levels by time:
     D:2: 710 daAuts
     D:3: 563 daAuts
     D:1: 498 daAuts
     D:4: 80 daAuts
